 Dungeon Crawl Stone Soup version 0.19.1 (webtiles) character file.

28 SQman the Ducker (level 3, -1/27 HPs)
             Began as a Vampire Warper on Dec 18, 2016.
             Slain by a kobold
             ... wielding a +0 club
              (2 damage)
             ... on level 2 of the Dungeon.
             The game lasted 00:06:50 (1174 turns).

SQman the Ducker (Vampire Warper)                   Turns: 1174, Time: 00:06:51

Health: -1/27      AC:  4    Str: 11    XL:     3   Next: 0%
Magic:  6/6        EV: 12    Int: 20    God:    Xom [..*...]
Gold:   78         SH:  0    Dex: 13    Spells: 2 memorised, 2 levels left

rFire  . . .     SeeInvis +     a - +0 falchion
rCold  . . .     Gourm    .     i - +0 leather armour
rNeg   + . .     Faith    .     (no shield)
rPois  .         Spirit   .     (no helmet)
rElec  .         Reflect  .     l - +0 cloak
rCorr  +         Harm     .     (no gloves)
MR     .....                    (no boots)
Stlth  ++........               (no amulet)
                                b - ring of stealth
                                g - ring of resist corrosion

@: brilliant, very slightly contaminated
A: fangs 3, see invisible, unbreathing
a: Bat Form, Renounce Religion


You were on level 2 of the Dungeon.
You worshipped Xom.
You were a toy of Xom.
You were not thirsty.

You visited 1 branch of the dungeon, and saw 2 of its levels.

You collected 78 gold pieces.

Inventory:

Hand Weapons
 a - a +0 falchion (weapon)
Missiles
 e - 5 tomahawks of dispersal (quivered)
Armour
 i - a +0 leather armour (worn)
 l - a +0 cloak (worn)
Jewellery
 b - a ring of stealth (right hand)
 g - a ring of resist corrosion (left hand)
Scrolls
 h - 4 scrolls of identify
Potions
 f - 7 potions of blood
 k - a potion of might
Books
 c - a book of Spatial Translocations

   Spells                             Type                      Level
   a - Blink                          Translocation                2
   b - Shroud of Golubria             Charms/Translocation         2
   c - Lesser Beckoning               Translocation                3
   d - Portal Projectile              Translocation                3
   e - Teleport Other                 Translocation                3
   f - Passage of Golubria            Translocation                4


   Skills:
 + Level 1.9 Fighting
 + Level 2.4 Long Blades
 + Level 0.7 Throwing
 + Level 0.8 Armour
 + Level 2.8 Dodging
 + Level 2.1 Spellcasting
 + Level 2.6 Translocations


You had 2 spell levels left.
You knew the following spells:

 Your Spells              Type           Power        Failure   Level  Hunger
a - Shroud of Golubria    Chrm/Tloc      ###.......   2%          2    ##.....
b - Blink                 Tloc           N/A          1%          2    ##.....


Dungeon Overview and Level Annotations

Branches:
Dungeon (2/15)

Altars:
Xom


Innate Abilities, Weirdness & Mutations

You have razor-sharp teeth.
You have supernaturally acute eyesight. (SInv)
You can survive without breathing.


Message History

You bite the goblin.
You kill the goblin!
You have reached level 3!
Your experience leads to an increase in your attributes!
Your base attributes are Str 10, Int 15, Dex 13.
Increase (S)trength, (I)ntelligence, or (D)exterity?
You feel stronger.
You can now transform into a vampire bat.
The adder closely misses you.
You barely miss the adder. Your bite misses the adder.
The adder is heavily wounded.
The adder bites you.
* * * LOW HITPOINT WARNING * * *
The kobold closely misses you.
You riposte.
You hit the kobold but do no damage. You hit the adder.
The adder is almost dead.
The adder bites you but does no damage. The adder barely misses you.
The kobold hits you with a club.
You die...

#.# #.#
########### #
#.# #.#
#.#.#...#.#S#
#.# #.#
##÷#..#..#.# #.#
#.###.#..###.S#.
#.# #...##..##
##.g## #.#
###.#..## ##..#
#.# #...## ..K#
# #.# ###..##
##g.# .######.#
##@S## ##§.##
#.......#
#.#Kg###..#.#
.########
##.#.(#..#.## ##
#.#.#(..#.#.# #
#############


You could see an adder, a hobgoblin and a kobold.

Vanquished Creatures
  An adder (D:2)
  A dart slug (D:1)
  A leopard gecko (D:1)
  2 bats (D:1)
  A giant cockroach (D:1)
  A goblin (D:2)
  4 hobgoblins (D:1)
  A kobold (D:2)
  3 frilled lizards
  A rat (D:1)
16 creatures vanquished.

Notes
Turn   | Place    | Note
-------+----------+-------------------------------------------
     0 | D:1      | SQman the Vampire Warper began the quest for the Orb.
     0 | D:1      | Reached XP level 1. HP: 16/16 MP: 3/3
    45 | D:1      | Found a shimmering altar of Xom.
    74 | D:1      | Became a worshipper of Xom of Chaos
   104 | D:1      | XOM: divination: detect items
   275 | D:1      | XOM: divination: detect creatures
   522 | D:1      | Reached XP level 2. HP: 14/22 MP: 5/5
   526 | D:1      | Learned a level 2 spell: Shroud of Golubria
   529 | D:1      | Learned a level 2 spell: Blink
   665 | D:1      | XOM: cast spell 'Spider Form'
  1077 | D:2      | XOM: silly message
  1163 | D:2      | HP: 1/22 [kobold/stone (1)]
  1171 | D:2      | XOM: potion effect (brilliance)
  1172 | D:2      | Reached XP level 3. HP: 2/27 MP: 6/6
  1173 | D:2      | HP: 1/27 [adder (1)]
  1174 | D:2      | Slain by a kobold

Action                   || total
-------------------------++-------
Melee: Falchion          ||    60
       Bite              ||    11
  Use: Scroll            ||     5
       Potion            ||     3
 Stab: Sleeping          ||     1
Armor: Leather armour    ||    19
Dodge: Dodged            ||    41
       Rpst.: Falchion   ||    16
